 Dungeon Crawl Stone Soup version 0.21-a0-110-g8e1637b (webtiles) character file.

87843 Nehle the Severer (level 15, -23/144 HPs)
             Began as a Minotaur Berserker on July 9, 2017.
             Was the Champion of Trog.
             Annihilated by a white very ugly thing (51 damage)
             ... on level 3 of the Swamp on July 10, 2017.
             The game lasted 01:27:11 (17035 turns).

Nehle the Severer (Minotaur Berserker)             Turns: 17035, Time: 01:27:12

Health: -23/144    AC: 31    Str: 33    XL:     15   Next: 44%
Magic:  0/15       EV: 11    Int:  5    God:    Trog [******]
Gold:   1655       SH:  0    Dex: 10    Spells: 14/14 levels left

rFire    . . .     SeeInvis .   Z - +7 battleaxe (freeze)
rCold    . . .     Gourm    .   (shield currently unavailable)
rNeg     + . .     Faith    .   Q - +11 plate armour of Quwey {Str+6}
rPois    +         Spirit   +   (helmet restricted)
rElec    .         Reflect  .   f - scarf {Spirit}
rCorr    .         Harm     .   D - +2 pair of gloves
MR       +....                  (no boots)
Stlth    ..........             p - amulet of guardian spirit
HPRegen  0.34/turn              d - ring of positive energy
MPRegen  0.14/turn              W - ring of poison resistance

@: very slow
A: retaliatory headbutt, horns 2
a: Berserk, Trog's Hand, Brothers in Arms, Burn Spellbooks, Renounce Religion


You were on level 3 of the Swamp.
You worshipped Trog.
Trog was exalted by your worship.
You were hungry.

You visited 3 branches of the dungeon, and saw 19 of its levels.
You visited the Abyss 1 time.
You also visited: Labyrinth.

You collected 1655 gold pieces.

Inventory:

Hand Weapons
 O - a +4 antimagic executioner's axe
 Z - a +7 battleaxe of freezing (weapon)
Armour
 f - a scarf of spirit shield (worn)
 D - a +2 pair of gloves (worn)
 Q - the +11 plate armour of Quwey (worn) {Str+6}
   (You found it in a labyrinth)

   It affects your strength (+6).
Jewellery
 d - a ring of positive energy (left hand)
 p - an amulet of guardian spirit (around neck)
 W - a ring of poison resistance (right hand)
Wands
 a - a wand of iceblast (0/15)
 m - a wand of polymorph (7/24)
 o - a wand of flame (16/48)
 x - a wand of iceblast (6/15)
 y - a wand of lightning (2/15)
 I - a wand of iceblast (12/15)
 J - a wand of lightning (7/15)
 S - a wand of iceblast (7/15)
 X - a wand of digging (6/24)
Scrolls
 b - a scroll of recharging
 e - 3 scrolls of identify
 g - 2 scrolls of amnesia {unknown}
 l - 11 scrolls of remove curse
 q - 4 scrolls of enchant armour
 A - 2 scrolls of magic mapping {unknown}
 C - a scroll of random uselessness {unknown}
 G - 3 scrolls of blinking
 H - a scroll of vulnerability {unknown}
 K - a scroll of fear
 L - a scroll of summoning
 M - 5 scrolls of teleportation {unknown}
 T - 2 scrolls of acquirement {unknown}
Potions
 h - 4 potions of heal wounds
 j - 3 potions of might {unknown}
 k - 5 potions of curing
 n - a potion of agility {unknown}
 s - 6 potions of magic
 t - 2 potions of ambrosia {unknown}
 u - 2 potions of brilliance {unknown}
 z - 4 potions of degeneration {unknown}
 B - 2 potions of cancellation {unknown}
 P - a potion of haste {unknown}
 R - a potion of resistance {unknown}
Books
 v - a book of Cantrips

   Spells                             Type                      Level
   a - Confusing Touch                Hexes                        1
   b - Animate Skeleton               Necromancy                   1
   c - Summon Small Mammal            Summoning                    1
   d - Apportation                    Translocation                1
   Trog disapproves of the use of such an item.
 w - a book of Battle

   Spells                             Type                      Level
   a - Infusion                       Charms                       1
   b - Shroud of Golubria             Charms/Translocation         2
   c - Song of Slaying                Charms                       2
   d - Spectral Weapon                Hexes/Charms                 3
   e - Regeneration                   Charms/Necromancy            3
   Trog disapproves of the use of such an item.
Comestibles
 c - 12 bread rations
 i - 6 meat rations
 E - 7 royal jellies
 N - 14 fruits


   Skills:
 + Level 16.0 Fighting
 + Level 20.8 Axes
 + Level 15.7 Armour
 + Level 6.9 Dodging
 + Level 2.5 Stealth
 + Level 2.0 Evocations


You had 14 spell levels left.
You didn't know any spells.

Dungeon Overview and Level Annotations

Branches:
Dungeon (10/15)            Temple (0/1) D:5            Lair (6/6) D:10
  Swamp (3/4) Lair:2       Spider (0/4) Lair:2        Slime (0/5) Lair:5
    Orc: D:9-12

Altars:
Elyvilon
Fedhas
Makhleb
Ru
Uskayaw
The Shining One
Jiyva


Innate Abilities, Weirdness & Mutations

You reflexively headbutt those who attack you in melee.
You have a pair of horns on your head.


Message History

Unknown command.
You are too injured to fight recklessly!
You are too injured to fight recklessly!
Your unstable footing causes you to fumble your attack.
The white very ugly thing tentacle-slaps you.
The white very ugly thing freezes you!!!
* * * LOW HITPOINT WARNING * * *
Quiver which item? (- for none, * to show all) (? for menu, Esc to quit)
Okay, then.
You feel much better.
The six-headed hydra is no longer moving slowly.
The six-headed hydra bites you.
* * * LOW HITPOINT WARNING * * *
The six-headed hydra bites you but does no damage. x2
The six-headed hydra barely misses you. The six-headed hydra misses you.
The six-headed hydra bites you but does no damage.
The white very ugly thing tentacle-slaps you!
* * * LOW HITPOINT WARNING * * *
The white very ugly thing freezes you!!!
You die...

♣..≈≈.≈≈≈≈≈§≈≈≈.>.♣
♣♣♣.≈.≈≈≈≈≈≈≈≈≈≈..≈
♣♣..§≈≈≈≈≈≈≈≈.≈..
♣♣♣≈.≈≈≈≈...≈.≈≈≈≈
♣♣.≈≈≈≈.≈≈.≈♣♣♣.≈≈.
♣.≈≈≈≈≈.♣♣♣♣♣ ♣≈...
♣≈≈≈.≈♣♣♣ ♣...♣
♣.≈≈.♣≈≈♣♣ ♣♣♣≈..♣
.♣♣♣@≈.♣♣§≈≈♣♣♣..≈≈≈.
♣..≈.≈uD≈≈≈.≈≈≈..≈≈.≈≈≈.
♣♣≈♣.≈≈§....≈≈...≈≈...≈.
♣≈≈......♣≈..≈≈..♣♣♣♣♣
♣≈≈.♣≈♣♣..♣.≈≈≈.♣♣♣
♣.≈≈♣♣ ♣♣♣♣.≈≈≈.♣ ♣≈.
♣≈.≈.≈♣ ♣≈♣ ♣♣..♣♣♣ ♣♣♣♣


You could see a white very ugly thing and a six-headed hydra.

Vanquished Creatures
  Nikola (Swamp:2)
  A profane servitor (Abyss:3)
  2 tentacled starspawn (Abyss:3)
  Louise (Swamp:2)
  2 entropy weavers (Lair:6)
  A fire dragon (Lair:6)
  A minotaur (Lab)
  Erolcha (D:9)
  8 hydras
  6 alligators
  11 death yaks
  A queen ant (Lair:6)
  5 thrashing horrors (Abyss:3)
  The ghost of afd the Thaumaturge, a novice OpFE (D:8)
  A sixfirhy (Abyss:3)
  An unseen horror (D:10)
  A spriggan druid (Swamp:2)
  A glowing orange brain (Swamp:2)
  A swamp dragon (Swamp:1)
  A shambling mangrove (Swamp:1)
  Pikel (D:7)
  A lindwurm (Lair:6)
  An ugly thing (D:10)
  10 elephants (Lair:5)
  A guardian serpent (Abyss:3)
  8 black mambas
  Joseph (D:7)
  3 molten gargoyles (Lair:6)
  20 spiny frogs
  A torpor snail (Lair:4)
  4 rime drakes
  11 komodo dragons
  An ancient zyme (Abyss:3)
  An efreet (Abyss:3)
  5 tyrant leeches
  4 jumping spiders (Lair:2)
  A polar bear (Lair:2)
  6 hornets
  6 bog bodies
  15 blink frogs
  5 hippogriffs
  4 spriggans (Swamp:1)
  A large abomination (Abyss:3)
  A shadow (Swamp:1)
  7 wyverns
  36 yaks
  2 steam dragons (Lair:6)
  2 basilisks
  Eustachio (D:6)
  Grum (D:9)
  A hungry ghost (D:9)
  13 vampire mosquitoes
  17 swamp worms
  20 soldier ants (Lair:6)
  10 insubstantial wisps
  The ghost of afd the Firebug, an amateur OpFE (D:4)
  11 water moccasins
  9 porcupines
  2 ice beasts
  4 hell hounds (Lair:6)
  2 orc warriors (D:10)
  4 swamp drakes
  3 phantoms
  2 sky beasts
  3 black bears
  3 ogres
  7 wolves
  12 crocodiles
  4 centaurs
  14 bullfrogs
  3 scorpions
  6 killer bees
  5 howler monkeys
  4 crimson imps
  A small abomination (Abyss:3)
  A bullfrog zombie (D:7)
  5 lava snakes (Lair:6)
  5 jellies
  4 orc priests
  4 hounds
  2 orc wizards
  A bullfrog skeleton (D:8)
  2 iguanas
  20 worker ants
  A hound zombie (D:9)
  Robin (D:2)
  3 gnolls (D:7)
  7 adders
  A shadow imp (D:7)
  2 oozes (Lair:5)
  An adder skeleton (D:6)
  An adder zombie (D:7)
  3 worms
  3 leopard geckos
  22 orcs
  2 ball pythons
  10 bats
  4 giant cockroaches
  20 goblins
  5 hobgoblins
  4 jackals (D:3)
  2 kobolds
  5 quokkas
  4 frilled lizards
  A leopard gecko skeleton (D:4)
  A quokka skeleton (D:8)
  A quokka zombie (D:9)
  9 rats
  A bush (Lair:5)
  A fungus (Lair:2)
  3 plants
  3 starspawn tentacles (Abyss:3)
535 creatures vanquished.

Vanquished Creatures (collateral kills)
  An ogre (D:8)
  3 orcs (D:8)
4 creatures vanquished.

Vanquished Creatures (others)
  A spiny frog (Swamp:2)
  An insubstantial wisp (Swamp:1)
  An orc (D:7)
  5 fungi
  6 plants (Lair:6)
  7 starspawn tentacles (Abyss:3)
21 creatures vanquished.

Grand Total: 560 creatures vanquished

Notes
Turn   | Place    | Note
-------+----------+-------------------------------------------
     0 | D:1      | Nehle the Minotaur Berserker began the quest for the Orb.
     0 | D:1      | Reached XP level 1. HP: 19/19 MP: 0/0
   375 | D:1      | Reached XP level 2. HP: 19/27 MP: 1/1
   697 | D:2      | Reached skill level 4 in Axes
  1007 | D:2      | Noticed Robin
  1013 | D:2      | Reached XP level 3. HP: 33/33 MP: 2/2
  1016 | D:2      | Reached ** piety under Trog
  1023 | D:2      | Killed Robin
  1462 | D:2      | Reached XP level 4. HP: 40/41 MP: 3/3
  1712 | D:3      | Reached skill level 5 in Axes
  1931 | D:3      | Reached XP level 5. HP: 29/47 MP: 4/4
  2179 | D:4      | Noticed afd's ghost (amateur OpFE)
  2194 | D:4      | Killed afd's ghost
  2194 | D:4      | Reached skill level 5 in Fighting
  2194 | D:4      | Reached skill level 6 in Axes
  2337 | D:4      | Reached XP level 6. HP: 44/56 MP: 5/5
  2346 | D:4      | Reached *** piety under Trog
  2537 | D:4      | You fall through a shaft for 2 floors!
  2711 | D:6      | Noticed a dagger
  2711 | D:6      | Noticed a hand axe
  2712 | D:6      | Found a hide-covered altar of Uskayaw.
  2721 | D:5      | Entered Level 5 of the Dungeon
  2731 | D:5      | Reached skill level 7 in Axes
  2731 | D:5      | Reached XP level 7. HP: 59/61 MP: 6/6
  2778 | D:5      | Reached skill level 5 in Armour
  2787 | D:5      | Reached skill level 8 in Axes
  2923 | D:5      | Reached XP level 8. HP: 46/71 MP: 7/7
  3050 | D:5      | Found a staircase to the Ecumenical Temple.
  3061 | D:5      | Reached skill level 9 in Axes
  3532 | D:6      | Noticed Eustachio
  3555 | D:6      | Killed Eustachio
  4010 | D:7      | Reached skill level 10 in Axes
  4030 | D:7      | Reached **** piety under Trog
  4078 | D:7      | Found a sacrificial altar of Ru.
  4080 | D:7      | Found a burning altar of Makhleb.
  4080 | D:7      | Found a white marble altar of Elyvilon.
  4189 | D:7      | Noticed Joseph
  4206 | D:7      | Killed Joseph
  4206 | D:7      | Reached XP level 9. HP: 80/80 MP: 8/8
  4312 | D:7      | Noticed Pikel
  4324 | D:7      | Killed Pikel
  4324 | D:7      | Reached skill level 11 in Axes
  4724 | D:8      | Noticed afd's ghost (novice OpFE)
  4730 | D:8      | Killed afd's ghost
  5053 | D:8      | Reached skill level 1 in Stealth
  5075 | D:8      | Reached XP level 10. HP: 91/91 MP: 9/9
  5077 | D:8      | Reached skill level 12 in Axes
  5089 | D:8      | Found a glowing golden altar of the Shining One.
  5104 | D:8      | Found a blossoming altar of Fedhas.
  5521 | D:8      | Paralysed by a hornet for 3 turns
  5904 | D:9      | Noticed Erolcha
  5916 | D:9      | Killed Erolcha
  5916 | D:9      | Reached skill level 5 in Dodging
  5918 | D:9      | Found a burning altar of Makhleb.
  5924 | D:9      | Reached skill level 10 in Armour
  5935 | D:9      | Got an encrusted chain mail
  5936 | D:9      | Identified the +7 chain mail "Feiz" {Dex+2} (You found it on level 9 of the Dungeon)
  5996 | D:9      | Reached ***** piety under Trog
  6085 | D:9      | Noticed Grum
  6117 | D:9      | Killed Grum
  6456 | D:9      | Reached skill level 13 in Axes
  6570 | D:10     | Entered Level 10 of the Dungeon
  6637 | D:10     | Reached skill level 10 in Fighting
  6642 | D:10     | Found a staircase to the Lair.
  6893 | D:10     | Killed an unseen horror
  6893 | D:10     | Reached XP level 11. HP: 51/99 MP: 10/10
  7218 | Lair:1   | Entered Level 1 of the Lair of Beasts
  7232 | Lair:1   | Got a bound marble ring
  7361 | Lair:1   | Identified the ring of Moodiness {rC+ Int+3 Dex+5} (You found it on level 1 of the Lair of Beasts)
  8059 | Lair:2   | Received a gift from Trog
  8114 | Lair:2   | Found a labyrinth entrance.
  8123 | Lab      | Entered a labyrinth
  8379 | Lab      | Found an exit through the horrors of the Abyss.
  8733 | Lab      | Noticed a minotaur
  8741 | Lab      | Killed a minotaur
  8741 | Lab      | Reached skill level 14 in Axes
  8744 | Lab      | Got a transparent plate armour
  8771 | Lab      | Got a warped plate armour
  8773 | Lab      | Identified the +11 plate armour of Quwey {Str+6} (You found it in a labyrinth)
  8774 | Lab      | Identified the +3 plate armour of Upho {rC- rCorr Str+9 Slay-4} (You took it off a minotaur in a labyrinth)
  8830 | Lair:2   | Found a hole to the Spider Nest.
  9223 | Lair:2   | Found a staircase to the Swamp.
  9306 | Lair:2   | Reached XP level 12. HP: 89/110 MP: 11/11
  9346 | Lair:2   | Reached skill level 15 in Axes
 10770 | Lair:4   | Reached skill level 16 in Axes
 12290 | Lair:5   | Reached skill level 17 in Axes
 12290 | Lair:5   | Reached XP level 13. HP: 119/119 MP: 10/12
 12313 | Lair:5   | Found a runed door.
 12315 | Lair:5   | Found a viscous altar of Jiyva.
 12317 | Lair:5   | Found a staircase to the Slime Pits.
 12752 | Lair:5   | Received a gift from Trog
 12810 | Lair:6   | Entered Level 6 of the Lair of Beasts
 12815 | Lair:6   | Reached skill level 18 in Axes
 12994 | Lair:6   | Found a large runed door.
 12995 | Lair:6   | Found a large runed door.
 13128 | Lair:6   | Noticed an entropy weaver
 13129 | Lair:6   | Noticed an entropy weaver
 13139 | Lair:6   | Killed an entropy weaver
 13139 | Lair:6   | Reached skill level 19 in Axes
 13143 | Lair:6   | Killed an entropy weaver
 13258 | Lair:6   | Reached XP level 14. HP: 129/129 MP: 13/13
 13291 | Lair:6   | Reached ****** piety under Trog
 13514 | Lair:6   | Reached skill level 1 in Evocations
 14243 | Swamp:1  | Entered Level 1 of the Swamp
 14490 | Swamp:1  | Reached skill level 20 in Axes
 14533 | Swamp:1  | Received a gift from Trog
 15689 | Swamp:2  | Noticed Nikola
 15717 | Swamp:2  | Killed Nikola
 15717 | Swamp:2  | Reached skill level 15 in Fighting
 15774 | Swamp:2  | Reached skill level 15 in Armour
 16013 | Swamp:2  | Noticed Louise
 16040 | Swamp:2  | Cast into level 3 of the Abyss (Louise)
 16048 | Abyss:3  | Reached XP level 15. HP: 94/141 MP: 12/15
 16137 | Abyss:3  | Noticed a tentacled starspawn
 16151 | Abyss:3  | Killed a tentacled starspawn
 16191 | Abyss:3  | Noticed a profane servitor
 16205 | Abyss:3  | Killed a profane servitor
 16225 | Abyss:3  | Noticed a tentacled starspawn
 16234 | Abyss:3  | Killed a tentacled starspawn
 16287 | Abyss:3  | Noticed a bone dragon
 16289 | Abyss:3  | Noticed a tentacled starspawn
 16380 | Swamp:2  | Escaped the Abyss
 16410 | Swamp:2  | Killed Louise
 16933 | Swamp:3  | Received a gift from Trog
 17035 | Swamp:3  | Annihilated by a white very ugly thing

Vault maps used:
D:1:      matt_arrival_refuge
D:2:      uniq_robin
D:3:      first_bread
D:5:      minmay_temple_entry_overgrown, uniq_blork_the_orc
D:6:      dancing_weapons_uskayaw, uniq_eustachio
D:7:      minitemple, uniq_joseph, uniq_pikel
D:8:      grunt_temple_overflow_open
D:9:      bloody_makhleb, uniq_erolcha, uniq_grum
D:10:     david_lair_generic, grunt_ogre_cave, grunt_decor_resistance,
          grunt_ministairs_14
Lair:2:   minmay_swamp_entry_worms, spider_nest_entry_a, lab_entry_generic,
          minmay_holes, grunt_megastairs_4, serial_bayou_shore_a
Lair:3:   lemuel_fruit_tree, grunt_megastairs_2
Lair:4:   cheibrodos_lair_caveside_slide
Lair:5:   slime_altar_2
Lair:6:   cheibrodos_lair_end_hotspot, zaba_antful_of_joy
Swamp:1:  evilmike_swamp_ruin_house_3, swamp_pool5
Swamp:2:  serial_swamp_ruin, evilmike_swamp_ruin_house_4,
          evilmike_swamp_ruin_rubble_2, uniq_nikola, uniq_louise
Swamp:3:  evilmike_swamp_ruin_house_1
Abyss:3:  evilmike_nicolae_abyss_rune_betentacled_crabyss, abyss_fake_exit
Lab:      labyrinth_mini_lab, nicolae_lab_plus, nicolae_lab_do_over,
          labyrinth_fake_exit, nicolae_lab_very_dead_end

Skill      XL: |  1  2  3  4  5  6  7  8  9 10 11 12 13 14 15 |
---------------+----------------------------------------------+-----
Fighting       | 4 5 6 7 9 10 11 12 13 15 16 | 16.0
Axes           | 4 5 6 7 8 10 11 13 14 17 19 20 | 20.8
Armour         | 3 4 5 7 9 10 12 13 15 | 15.7
Dodging        | 3 4 5 6 |  6.9
Stealth        | 1 2 |  2.5
Evocations     | 1 2 |  2.0

Action                   |  1- 3 |  4- 6 |  7- 9 | 10-12 | 13-15 || total
-------------------------+-------+-------+-------+-------+-------++-------
Melee: Hand axe          |    85 |   141 |   267 |   289 |       ||   782
       Headbutt          |     9 |    26 |    51 |   130 |   111 ||   327
       Battleaxe         |       |       |       |   233 |   516 ||   749
       Executioner's axe |       |       |       |       |    11 ||    11
Invok: Berserk           |     1 |     1 |     8 |     6 |     4 ||    20
       Brothers in Arms  |       |       |     1 |       |       ||     1
       Trog's Hand       |       |       |       |       |     1 ||     1
Evoke: Wand              |       |       |       |     1 |    15 ||    16
  Use: Scroll            |       |       |     2 |    24 |     4 ||    30
       Potion            |       |       |       |     2 |     3 ||     5
  Eat: Chunk             |     3 |     5 |    14 |    21 |    20 ||    63
       Bread ration      |       |       |       |     2 |       ||     2
       Fruit             |       |       |       |     1 |       ||     1
Armor: Animal skin       |    13 |       |       |       |       ||    13
       Chain mail        |    37 |    83 |    98 |   150 |       ||   368
       Ring mail         |       |       |    36 |    21 |       ||    57
       Plate armour      |       |       |       |   161 |   360 ||   521
       Skin              |       |       |       |     5 |       ||     5
Dodge: Dodged            |    57 |    65 |   161 |   221 |   249 ||   753
